 Dungeon Crawl Stone Soup version 0.24-a0-25-g8489be9 (webtiles) character file.

Game seed: 8780292032072607225

188 CanOfBees the Bolt Thrower (level 5, 0/32 HPs)
             Began as a Tengu Hunter on Feb 1, 2019.
             Slain by a hound (1 damage)
             ... on level 3 of the Dungeon.
             The game lasted 00:04:54 (3362 turns).

CanOfBees the Bolt Thrower (Tengu Hunter)           Turns: 3362, Time: 00:04:54

Health: 0/32       AC:  8    Str: 13    XL:     5   Next: 67%
Magic:  6/6        EV: 12    Int: 12    God:
Gold:   96         SH:  0    Dex: 14    Spells: 4/4 levels left

rFire    . . .     SeeInvis .   a - +1 hand crossbow
rCold    . . .     Gourm    .   (no shield)
rNeg     . . .     Faith    .   m - +0 scale mail
rPois    .         Spirit   .   (helmet restricted)
rElec    .         Reflect  .   (no cloak)
rCorr    .         Harm     .   (no gloves)
MR       .....                  (boots unavailable)
Stlth    ..........             (no amulet)
HPRegen  0.10/turn              j - +2 ring of protection
MPRegen  0.10/turn              (no ring)

@: flying quickly and evasively, quick
A: beak, talons 3, able to fly
a: Stop Flying


You were on level 3 of the Dungeon.
You were hungry.

You visited 1 branch of the dungeon, and saw 4 of its levels.

You collected 96 gold pieces.

Inventory:

Hand Weapons
 a - a +1 hand crossbow (weapon)
 b - a +0 short sword
Missiles
 c - a tomahawk
 d - 41 bolts (quivered)
Armour
 m - a +0 scale mail (worn)
Jewellery
 j - a +2 ring of protection (left hand)
Scrolls
 e - a scroll of magic mapping {unknown}
 i - 2 scrolls of identify
 k - a scroll of enchant weapon {unknown}
 l - a scroll of random uselessness {unknown}
 n - a scroll of fog {unknown}
Potions
 g - a potion of magic
 h - a potion of lignification
Comestibles
 f - 4 rations


   Skills:
 + Level 3.4 Fighting
 + Level 5.4 Crossbows
 + Level 1.9 Armour
 + Level 3.7 Dodging
 - Level 1.0 Stealth


You had 4 spell levels left.
You didn't know any spells.
Your spell library was empty.

Dungeon Overview and Level Annotations

Branches:
Dungeon (4/15)
 Temple: D:4-7

Altars:
Gozag
Hepliaklqana
Nemelex Xobeh
Xom
Zin


Innate Abilities, Weirdness & Mutations

You have a beak for a mouth.
You have claws for feet.
You can fly continuously.


Message History

Firing (i - inventory. (/) - cycle)
d - 44 bolts (quivered)
Press: ? - help, Shift-Dir - straight line, f/p - hound
Aim: a hound (heavily wounded)
You shoot a bolt. The bolt hits the hound.
The hound is heavily wounded.
The hound bites you but does no damage. The hound bites you.
* * * LOW HITPOINT WARNING * * *
Unknown command.
Firing (i - inventory. (/) - cycle)
d - 43 bolts (quivered)
Press: ? - help, Shift-Dir - straight line, f/p - hound
Aim: a hound (heavily wounded)
You shoot a bolt. The bolt misses the hound.
The hound closely misses you. The hound misses you.
Firing (i - inventory. (/) - cycle)
d - 42 bolts (quivered)
Press: ? - help, Shift-Dir - straight line, f/p - hound
Aim: a hound (heavily wounded)
You shoot a bolt. The bolt hits the hound.
The hound is heavily wounded.
The hound bites you.
You die...

##########.#.#...#########
#.#.##..# #.#.##..#
#.#.##..#
##########.#.###.#
รท..........#.# #.#
###.....#..#.# #.#
#.....#..#.# #)#
#.....#..#.# #@#
##....#..#.# #h#
####....#..#.# #.#
...........#.# #.#
...........#.# #.#
.........[.#.#
#.#############
...........#.#
#.............#
.........[.#.#
#############.#
...........#.# #########
#.#


You could see a hound.

Vanquished Creatures
  An orc wizard (D:3)
  4 gnolls (D:2)
  4 adders
  An ooze (D:3)
  4 worms
  2 dart slugs
  2 leopard geckos
  6 giant cockroaches
  6 goblins
  8 hobgoblins
  7 kobolds
  2 ball pythons
  13 bats
  5 frilled lizards
  9 rats
74 creatures vanquished.

Vanquished Creatures (others)
  4 toadstools (D:1)
4 creatures vanquished.

Grand Total: 78 creatures vanquished

Notes
Turn   | Place    | Note
-------+----------+-------------------------------------------
     0 | D:1      | CanOfBees the Tengu Hunter began the quest for the Orb.
     0 | D:1      | Reached XP level 1. HP: 12/12 MP: 2/2
   114 | D:1      | Reached XP level 2. HP: 17/17 MP: 3/3
   527 | D:1      | Reached XP level 3. HP: 22/22 MP: 4/4
   871 | D:2      | Found a glowing silver altar of Zin.
  1304 | D:2      | Reached XP level 4. HP: 24/27 MP: 5/5
  1375 | D:2      | Reached skill level 5 in Crossbows
  1698 | D:2      | Reached skill level 1 in Armour
  1814 | D:2      | Found a sparkling altar of Nemelex Xobeh.
  1815 | D:2      | Found an opulent altar of Gozag.
  1999 | D:2      | Gained mutation: You can fly continuously. [Tengu growth]
  1999 | D:2      | Reached XP level 5. HP: 23/32 MP: 6/6
  2490 | D:3      | Found a shimmering altar of Xom.
  2491 | D:3      | Found a hazy altar of Hepliaklqana.
  2491 | D:3      | Noticed a caustic shrike
  2492 | D:3      | Noticed a spectral ugly thing
  2492 | D:3      | Noticed a caustic shrike
  2771 | D:3      | Found a radiant altar of Vehumet.
  2774 | D:3      | Found a shimmering altar of Xom.
  2774 | D:3      | Found a sacrificial altar of Ru.
  3045 | D:3      | Found an iron altar of Okawaru.
  3045 | D:3      | Found a hazy altar of Hepliaklqana.
  3045 | D:3      | Found a glowing silver altar of Zin.
  3360 | D:3      | HP: 1/32 [hound (5)]
  3362 | D:3      | Slain by a hound

Vault maps used:
D:1:      ldierk_water_garden
D:2:      nicolae_overflow_crystal_walls, grunt_temple_overflow_opulence
D:3:      regret_index_temple_of_mockery, doesnt_xom_only_xom

Skill      XL: |  1  2  3  4 |
---------------+-------------+-----
Dodging        | 3 |  3.7
Crossbows      | 5 |  5.4
Armour         | 1 |  1.9
Fighting       | 3 |  3.4
Stealth        | |  1.0

Action                   |  1- 3 |  4- 6 || total
-------------------------+-------+-------++-------
Melee: Short sword       |   115 |   128 ||   243
       Kick              |    37 |    29 ||    66
       Peck              |    12 |    12 ||    24
 Fire: Hand crossbow     |       |    26 ||    26
 Abil: Fly               |       |     1 ||     1
  Use: Scroll            |       |     2 ||     2
 Stab: Sleeping          |     3 |       ||     3
  Eat: Chunk             |     1 |     6 ||     7
Armor: Leather armour    |    45 |       ||    45
       Scale mail        |     6 |    90 ||    96
Dodge: Dodged            |   103 |   148 ||   251

Table legend:
 A = Non-vault XP
 B = Vault XP
 C = Vault XP percentage of total XP
 D = Non-vault monster count
 E = Vault monster count
 F = Vault count percentage of total count
                 A         B        C        D         E       F
            +---------+---------+-------+---------+---------+-------
      Total |     269 |       0 |   0.0 |      74 |       0 |   0.0
            +---------+---------+-------+---------+---------+-------
        D:1 |      41 |       0 |   0.0 |      25 |       0 |   0.0
        D:2 |     125 |       0 |   0.0 |      24 |       0 |   0.0
        D:3 |     101 |       0 |   0.0 |      24 |       0 |   0.0
        D:4 |       2 |       0 |   0.0 |       1 |       0 |   0.0
            +---------+---------+-------+---------+---------+-------
